 Dungeon Crawl Stone Soup version 0.26.0-16-gc1dbca0489 (webtiles) character file.

Game seed: 5374258452671780596

350 Cykl0x the Shield-Bearer (level 6, -6/49 HPs)
             Began as a Formicid Fighter on Jan 17, 2021.
             Mangled by an ogre
             ... wielding a +0 giant spiked club
              (22 damage)
             ... on level 4 of the Dungeon on Jan 18, 2021.
             The game lasted 00:07:07 (4023 turns).

Cykl0x the Shield-Bearer (Formicid Fighter)         Turns: 4023, Time: 00:07:08

Health: -6/49      AC:  9    Str: 22    XL:     6   Next: 92%
Magic:  5/5        EV:  7    Int:  8    God:
Gold:   182        SH: 10    Dex: 10    Spells: 5/5 levels left

rFire    . . .     SeeInvis +   a - +1 long sword
rCold    . . .     Faith    .   c - +0 kite shield
rNeg     . . .     Spirit   .   f - +0 chain mail
rPois    .         Reflect  .   (helmet unavailable)
rElec    .         Harm     .   (no cloak)
rCorr    .         Rampage  .   (no gloves)
Will     .....     Clarity  +   (no boots)
Stlth    ..........             (no amulet)
HPRegen  0.16/turn              j - ring of wizardry
MPRegen  0.09/turn              (no ring)

@: very slightly contaminated, invisible
A: permanent stasis, dig shafts and tunnels, four strong arms, antennae 3,
talons 1, clarity, low mp 1
a: Dig, Shaft Self


You were on level 4 of the Dungeon.
You visited 1 branch of the dungeon, and saw 4 of its levels.

You collected 182 gold pieces.

Inventory:

Hand Weapons
 a - a +1 long sword (weapon)
Missiles
 g - 4 poisoned darts (quivered)
 k - 183 stones
 s - 2 boomerangs
Armour
 b - a +0 scale mail
 c - a +0 kite shield (worn)
 f - a +0 chain mail (worn)
Jewellery
 j - a ring of wizardry (left hand)
 q - an uncursed ring of ice
Wands
 n - a wand of paralysis (7)
Scrolls
 h - a scroll of fear
 m - a scroll of amnesia
 o - a scroll of remove curse
 p - a scroll of enchant weapon
Potions
 d - 2 potions of might
 e - 4 potions of flight
 i - 2 potions of heal wounds
 l - a potion of invisibility


   Skills:
 + Level 4.5 Fighting
 + Level 4.2 Long Blades
 + Level 1.0 Throwing
 + Level 4.3 Armour
 + Level 0.9 Dodging
 + Level 0.5 Stealth
 + Level 5.0 Shields


You had 5 spell levels left.
You didn't know any spells.
Your spell library was empty.

Dungeon Overview and Level Annotations

Branches:
Dungeon (4/15)
 Temple: D:4-7

Altars:
Trog

Annotations:
D:4 Sigmund


Innate Abilities, Weirdness & Mutations

You cannot be hasted, slowed, berserked, paralysed or teleported.
You can dig through walls and to a lower floor.
Your four strong arms can wield two-handed weapons with a shield.
You have a pair of large antennae on your head. (SInv)
You have sharp toenails.
You possess an exceptional clarity of mind.
Your magical capacity is low. (-10% MP)


Message History

You throw a poisoned dart. The poisoned dart hits the ogre.
The ogre looks even sicker.
The ogre is lightly wounded.
You block the ogre's attack.
You throw a poisoned dart. The poisoned dart hits the ogre.
The ogre looks even sicker.
The ogre is lightly wounded.
The ogre hits you with a +0 giant spiked club!
You throw a poisoned dart. The poisoned dart hits the ogre.
The ogre looks as sick as possible!
The ogre is lightly wounded.
Sigmund hits you from afar with a cursed +0 scythe.
You fade into invisibility!
The ogre hits you with a +0 giant spiked club!
You block Sigmund's attack.
You are very lightly contaminated with residual magic.
You retract your mandibles.
You hit the ogre. You claw the ogre.
The ogre is severely wounded.
The ogre hits you with a +0 giant spiked club!!
You die...

#...8.....รท.#
#........#.##
#..).....#.#
.#.......#.####### ###
#.#..............# ...#
.#.#.......####.#.#
#@..# .##.#....#.###.##
......
.###.#...#.##.####
...... .#
##.#..#.#.###@###......
.#
##.#.#....###O#....##
.# ##.##..##.###@(....#
#. ###..##..#..#.##.# .
#.. #.#.#.# #
#.....###.# ##.##.# #.#
#. #.. ..# ### #.#


You could see Sigmund and an ogre (very poisoned).

Vanquished Creatures
  A phantom (D:4)
  A scorpion (D:4)
  An orc wizard (D:3)
  Robin (D:4)
  3 gnolls (D:3)
  A howler monkey skeleton (D:4)
  An adder (D:2)
  2 oozes
  5 worms
  3 dart slugs
  3 leopard geckos (D:1)
  6 orcs
  7 giant cockroaches
  23 goblins
  8 hobgoblins
  2 jackals (D:4)
  10 kobolds
  3 quokkas (D:3)
  A ball python (D:4)
  9 bats
  4 frilled lizards (D:2)
  6 rats
101 creatures vanquished.

Notes
Turn   | Place    | Note
-------+----------+-------------------------------------------
     0 | D:1      | Cykl0x the Formicid Fighter began the quest for the Orb.
     0 | D:1      | Reached XP level 1. HP: 18/18 MP: 1/1
    99 | D:1      | Reached XP level 2. HP: 24/24 MP: 2/2
   388 | D:1      | Reached skill level 4 in Shields
   461 | D:1      | Reached XP level 3. HP: 29/29 MP: 3/3
  1171 | D:2      | Reached XP level 4. HP: 35/37 MP: 4/4
  2069 | D:3      | Found a bloodstained altar of Trog.
  2091 | D:3      | Reached XP level 5. HP: 11/42 MP: 5/5
  3432 | D:4      | Noticed a phantom
  3457 | D:4      | Killed a phantom
  3458 | D:4      | Reached XP level 6. HP: 34/49 MP: 6/6
  3603 | D:4      | Noticed Robin
  3615 | D:4      | Reached skill level 1 in Throwing
  3634 | D:4      | Killed Robin
  3725 | D:4      | Reached skill level 5 in Shields
  3727 | D:4      | Gained mutation: You possess an exceptional clarity of
                  | mind. [potion of mutation]
  3727 | D:4      | Gained mutation: Your magical capacity is low. (-10% MP)
                  | [potion of mutation]
  3727 | D:4      | Gained mutation: You have sharp toenails. [potion of
                  | mutation]
  4013 | D:4      | Noticed an ogre
  4014 | D:4      | Noticed Sigmund
  4023 | D:4      | Mangled by an ogre

Illustrated notes

Levels and vault maps discovered:
D:1:      sevenhm_arrival_forest_fort_large_2, layout_basic, glass_columns_a
D:2:      layout_basic, minmay_crystal_room, grunt_ministairs_14
D:3:      layout_basic, trog_hazing_becter
D:4:      wad_pebble_path, layout_loops_ring, minmay_temple_entry_junction_2,
          uniq_robin, uniq_sigmund

Skill      XL: |  1  2  3  4  5  6 |
---------------+-------------------+-----
Shields        | 4 5 |  5.0
Fighting       | 4 |  4.5
Long Blades    | 3 4 |  4.2
Armour         | 4 |  4.3
Throwing       | 1 |  1.0
Dodging        | |  0.9
Stealth        | |  0.5

Action                   |  1- 3 |  4- 6 || total
-------------------------+-------+-------++-------
Melee: Long sword        |    95 |   248 ||   343
       Kick              |       |     2 ||     2
Throw: Stone             |    23 |    60 ||    83
       Dart              |       |     9 ||     9
 Abil: Dig               |     6 |     5 ||    11
  Use: Scroll            |     3 |     3 ||     6
       Potion            |       |     5 ||     5
Armor: Scale mail        |     5 |       ||     5
       Chain mail        |    38 |   104 ||   142
Dodge: Dodged            |    20 |    45 ||    65
Block: Kite shield       |    53 |   117 ||   170
       Rpst.: Long sword |     8 |    16 ||    24
